 Dungeon Crawl Stone Soup version 0.21-a0-71-g5e5ddd2 (webtiles) character file.

10092 xgamer67 the Spear-Bearer (level 11, -4/75 HPs)
             Began as an Octopode Berserker on June 19, 2017.
             Was a High Priest of Trog.
             Slain by a troll (10 damage)
             ... on level 11 of the Dungeon.
             The game lasted 00:21:02 (11911 turns).

xgamer67 the Spear-Bearer (Octopode Berserker)     Turns: 11911, Time: 00:21:03

Health: -4/75      AC: -3    Str: 17    XL:     11   Next: 56%
Magic:  11/11      EV: 19    Int: 17    God:    Trog [*****.]
Gold:   707        SH:  2    Dex: 19    Spells: 10/10 levels left

rFire    . . .     SeeInvis .   a - +8 quarterstaff "Osamap" {crush, Int+7}
rCold    . . .     Gourm    .   (shield currently unavailable)
rNeg     . . .     Faith    .   (helmet restricted)
rPois    .         Spirit   .   z - +2 amulet of reflection
rElec    .         Reflect  +   d - +5 ring of dexterity
rCorr    .         Harm     .   y - ring of flight
MR       .....                  (no ring)
Stlth    +++.......             (no ring)
HPRegen  0.22/turn              (no ring)
MPRegen  0.12/turn              (no ring)
                                (no ring)
                                (no ring)

@: corroded
A: almost no armour, stealthy swim, amphibious, 8 rings, constrict 8, camouflage
1, gelatinous body 1
a: Berserk, Trog's Hand, Brothers in Arms, Burn Spellbooks, Renounce Religion,
Evoke Flight


You were on level 11 of the Dungeon.
You worshipped Trog.
Trog was extremely pleased with you.
You were not hungry.

You visited 1 branch of the dungeon, and saw 11 of its levels.

You collected 707 gold pieces.

Inventory:

Hand Weapons
 a - the +8 quarterstaff "Osamap" (weapon) {crush, Int+7}
   (You found it on level 7 of the Dungeon)

   It inflicts extra damage upon your enemies.
   It affects your intelligence (+7).
 b - a +0 blowgun
 f - a +0 halberd
Missiles
 r - 6 tomahawks (quivered)
 u - 75 poisoned needles
 x - 8 curare-tipped needles
Jewellery
 d - a +5 ring of dexterity (left tentacle)
 l - an uncursed ring of ice
 y - a ring of flight (right tentacle)
 z - a +2 amulet of reflection (around mantle)
Wands
 n - a wand of confusion (25/48)
 D - a wand of paralysis (13/24)
 E - a wand of random effects (18/48)
Scrolls
 c - 4 scrolls of remove curse
 i - 2 scrolls of recharging
 s - 2 scrolls of fog
 w - a scroll of blinking
 A - a scroll of enchant armour
 C - a scroll of teleportation
 I - a scroll of summoning
Potions
 e - 3 potions of berserk rage
 g - a potion of resistance
 h - a potion of heal wounds {unknown}
 j - a potion of lignification {unknown}
 m - 8 potions of curing {unknown}
 p - 5 potions of flight
 t - a potion of cancellation
 B - a potion of haste
 F - 2 potions of magic {unknown}
 H - a potion of might
 J - a potion of invisibility {unknown}
Books
 G - a book of Air

   Spells                             Type                      Level
   a - Shock                          Conjuration/Air              1
   b - Swiftness                      Charms/Air                   2
   c - Static Discharge               Conjuration/Air              3
   d - Airstrike                      Air                          4
   e - Lightning Bolt                 Conjuration/Air              5
   Trog disapproves of the use of such an item.
Miscellaneous
 L - a lightning rod (4/4)
Comestibles
 k - 5 bread rations
 o - 13 royal jellies
 q - 4 fruits
 v - 6 meat rations


   Skills:
 + Level 7.6 Fighting
 * Level 14.7 Polearms
 + Level 7.3 Dodging
 + Level 0.0 Evocations


You had 10 spell levels left.
You didn't know any spells.

Dungeon Overview and Level Annotations

Branches:
Dungeon (11/15)            Temple (0/1) D:5            Lair (0/6) D:8
    Orc: D:9-12

Altars:
Kikubaaqudgha
Uskayaw

Portals:
Trove: D:10 (show abyssal rune of Zot)


Innate Abilities, Weirdness & Mutations

You cannot wear most types of armour.
You are very stealthy in the water. (Stealth+)
You are amphibious.
You can wear up to eight rings at the same time.
You can use your tentacles to constrict eight enemies at once.
Your skin changes colour to match your surroundings (Stealth+).
Your rubbery body absorbs attacks. (AC +1, EV +1)


Message History

You kill the bullfrog!
Trog accepts your kill.
You see here a scroll of immolation.
An acid dragon comes into view.
The acid dragon roars!
You sock the troll! You squeeze the troll.
The troll is heavily wounded.
You sock the troll!
The troll is severely wounded.
The acid dragon spits acid at you. The splash of acid hits you!
The acid corrodes you!
You are splashed with acid!
The acid burns!
The troll bites you!! The troll closely misses you. The troll claws you!
* * * LOW HITPOINT WARNING * * *
You hit the troll but do no damage.
The troll is severely wounded.
The troll bites you!
* * * LOW HITPOINT WARNING * * *
The troll claws you!
You die...

## .> #D
####.######
###.........#
............#
#.........# #
#...T@†...##.#
#............#
#.........####
########.##
##...#
###..###
#...## ##'###
#....#


You could see a troll and an acid dragon.

Vanquished Creatures
  A hydra (D:10)
  2 two-headed ogres
  An unseen horror (D:10)
  A gargoyle (D:10)
  A komodo dragon (D:8)
  2 trolls (D:10)
  A hippogriff (D:10)
  3 wyverns
  Sigmund (D:6)
  A basilisk (D:8)
  A hungry ghost (D:10)
  The ghost of tilp the Firebug, an amateur HOFE (D:4)
  An acid dragon (D:8)
  A soldier ant (D:7)
  A water moccasin (D:8)
  An orc warrior (D:8)
  3 sky beasts
  3 ice beasts
  4 ogres
  An eye of draining (D:10)
  2 phantoms
  3 centaurs
  2 crocodiles (D:8)
  2 big kobolds
  7 bullfrogs
  A gnoll sergeant (D:10)
  5 scorpions
  5 killer bees (D:8)
  10 wights
  2 howler monkeys
  5 crimson imps
  3 bullfrog zombies
  A centaur zombie (D:5)
  9 jellies
  2 centaur skeletons
  5 orc priests
  5 hounds
  2 bullfrog skeletons
  3 iguanas
  8 worker ants
  Ijyb (D:5)
  7 orc wizards
  3 hound skeletons
  A howler monkey zombie (D:7)
  A worker ant zombie (D:5)
  12 adders
  7 gnolls
  14 oozes
  An adder skeleton (D:7)
  A worm (D:2)
  A dart slug (D:2)
  6 leopard geckos
  26 orcs
  11 bats
  2 bat zombies (D:9)
  8 giant cockroaches
  5 goblins
  4 hobgoblins
  11 jackals
  3 quokkas
  2 ball pythons
  7 frilled lizards
  A giant cockroach zombie (D:3)
  22 kobolds
  A quokka zombie (D:7)
  5 rats
  2 rat zombies (D:9)
  2 fungi (D:2)
280 creatures vanquished.

Vanquished Creatures (collateral kills)
  An orc warrior (D:8)
  An orc priest (D:8)
  An orc (D:8)
  A jackal (D:8)
4 creatures vanquished.

Vanquished Creatures (others)
  9 toadstools (D:3)
9 creatures vanquished.

Grand Total: 293 creatures vanquished

Notes
Turn   | Place    | Note
-------+----------+-------------------------------------------
     0 | D:1      | xgamer67 the Octopode Berserker began the quest for the Orb.
     0 | D:1      | Reached XP level 1. HP: 16/16 MP: 1/1
   131 | D:1      | Reached XP level 2. HP: 21/21 MP: 2/2
   406 | D:1      | Reached skill level 4 in Polearms
   502 | D:1      | Reached ** piety under Trog
   502 | D:1      | Reached XP level 3. HP: 26/26 MP: 3/3
  1639 | D:3      | Reached XP level 4. HP: 22/31 MP: 4/4
  1936 | D:3      | Reached skill level 5 in Polearms
  2170 | D:3      | Reached XP level 5. HP: 33/36 MP: 5/5
  2332 | D:3      | Reached skill level 6 in Polearms
  2445 | D:3      | Reached *** piety under Trog
  2924 | D:3      | Reached XP level 6. HP: 39/42 MP: 6/6
  2937 | D:3      | Reached skill level 7 in Polearms
  3182 | D:4      | Noticed tilp's ghost (amateur HOFE)
  3188 | D:4      | Killed tilp's ghost
  3188 | D:4      | Reached skill level 8 in Polearms
  3188 | D:4      | Reached XP level 7. HP: 46/46 MP: 7/7
  3787 | D:4      | Reached skill level 9 in Polearms
  4395 | D:5      | Entered Level 5 of the Dungeon
  4576 | D:5      | Noticed Ijyb
  4579 | D:5      | Reached XP level 8. HP: 40/52 MP: 8/8
  4839 | D:5      | Found a staircase to the Ecumenical Temple.
  4967 | D:5      | Reached skill level 10 in Polearms
  5345 | D:6      | Noticed Sigmund
  5361 | D:6      | Killed Sigmund
  6252 | D:5      | Reached skill level 11 in Polearms
  6619 | D:5      | Reached XP level 9. HP: 48/56 MP: 9/9
  6748 | D:5      | Killed Ijyb
  6823 | D:5      | Reached **** piety under Trog
  6920 | D:7      | Found a hide-covered altar of Uskayaw.
  6998 | D:7      | Noticed a two-headed ogre
  7003 | D:7      | Killed a two-headed ogre
  7003 | D:7      | Reached skill level 12 in Polearms
  7564 | D:7      | Got a smoking quarterstaff
  7565 | D:7      | Identified the +8 quarterstaff "Osamap" {crush, Int+7} (You found it on level 7 of the Dungeon)
  8078 | D:8      | Reached XP level 10. HP: 54/65 MP: 10/10
  8264 | D:8      | Reached skill level 5 in Fighting
  8264 | D:8      | Reached skill level 13 in Polearms
  8264 | D:8      | Reached skill level 5 in Dodging
  8526 | D:8      | Found a staircase to the Lair.
  9140 | D:9      | Noticed a two-headed ogre
  9150 | D:9      | Killed a two-headed ogre
  9912 | D:9      | Found an ancient bone altar of Kikubaaqudgha.
 10064 | D:9      | Reached skill level 14 in Polearms
 10064 | D:9      | Reached XP level 11. HP: 74/74 MP: 11/11
 10221 | D:10     | Entered Level 10 of the Dungeon
 10495 | D:10     | Killed an unseen horror
 10659 | D:10     | Found a portal to a secret trove of treasure.
 11217 | D:10     | Reached ***** piety under Trog
 11339 | D:10     | Noticed an eight-headed hydra
 11346 | D:10     | Killed an eight-headed hydra
 11911 | D:11     | Slain by a troll

Vault maps used:
D:1:      saegor_arrival_simple_f, minmay_misc_feat_nine_boxes
D:2:      minmay_gold_behind_fungi
D:3:      cheibrodos_fertilizer, first_bread
D:4:      portal_sewer_entry_e, grunt_ministairs_8
D:5:      minmay_temple_entry_glassed_door, uniq_ijyb
D:6:      uniq_sigmund
D:7:      basic_altar
D:8:      erik_lair_dragon
D:9:      lemuel_zombie_altar_kikubaaqudgha
D:10:     nicolae_trove_entry_crystal, hangedman_little_slice_of_home
D:11:     enter_bailey_7, uniq_nergalle, uniq_fannar

Skill      XL: |  1  2  3  4  5  6  7  8  9 10 11 |
---------------+----------------------------------+-----
Polearms       | 4 5 6 8 9 11 12 14 | 14.7
Fighting       | 4 6 7 |  7.6
Dodging        | 4 6 7 |  7.3

Action                   |  1- 3 |  4- 6 |  7- 9 | 10-12 || total
-------------------------+-------+-------+-------+-------++-------
Melee: Spear             |    99 |    16 |       |       ||   115
       Tentacles         |    21 |    15 |    52 |    60 ||   148
       Constrict         |    19 |    15 |    45 |    33 ||   112
       Halberd           |       |    88 |   236 |       ||   324
       Quarterstaff      |       |       |    23 |   237 ||   260
Invok: Berserk           |       |     3 |     6 |     6 ||    15
       Trog's Hand       |       |       |     6 |     1 ||     7
       Brothers in Arms  |       |       |       |     1 ||     1
  Use: Scroll            |     6 |     2 |     5 |     5 ||    18
 Stab: Sleeping          |     8 |     7 |    15 |     8 ||    38
       Distracted        |       |     2 |     2 |     1 ||     5
  Eat: Chunk             |     2 |     7 |    15 |    20 ||    44
       Fruit             |       |       |     5 |       ||     5
       Royal jelly       |       |       |     2 |       ||     2
Armor: Skin              |     4 |     4 |     5 |     5 ||    18
Dodge: Dodged            |    29 |    38 |    91 |   170 ||   328
Block: Other             |       |       |       |    18 ||    18
